 Dungeon Crawl Stone Soup version 0.32-a0-931-g5a2cda0630 (webtiles) character file.

Game seed: 8699976834306366899

9 Biggs the Trooper (level 2, 19/24 HPs)
             Began as a Demonspawn Fighter on Apr 14, 2024.
             Quit the game on level 1 of the Dungeon.
             The game lasted 00:01:06 (145 turns).

Biggs the Trooper (Demonspawn Fighter)               Turns: 145, Time: 00:01:06

Health: 19/24      AC:  6    Str: 16    XL:     2   Next: 3%
Magic:  2/2        EV:  7    Int:  8    God:
Gold:   0          SH:  4    Dex: 12    Spells: 1/1 levels left

rFire   . .          .
                       - Unarmed
rCold   . . .        b - +0 buckler
rNeg    . . .        a - +0 scale mail
rPois   .            (no helmet)
rElec   .            (no cloak)
rCorr   .            (no gloves)
SInv    .            (no boots)
Will    .....        (no amulet) Stlth
                     (no ring)
HPRegen 0.24/turn    (no ring)
MPRegen 0.08/turn

%: no passive effects
@: no status effects
A: hooves 1
a: no special abilities


You were on level 1 of the Dungeon.
You visited 1 branch of the dungeon, and saw 1 of its levels.

Inventory:

Armour
 a - a +0 scale mail (worn)
 b - a +0 buckler (worn)
Potions
 c - a potion of might
 d - a potion of curing {unknown}
 e - a potion of invisibility {unknown}


   Skills:
 - Level 3.0 Fighting
 - Level 2.6 Armour
 - Level 2.6 Shields
 + Level 2.5 Unarmed Combat


You had one spell level left.
You didn't know any spells.
Your spell library contained the following spells:

 Spells                   Type           Power      Damage    Failure   Level
 Tukima's Dance           Hex            0%         N/A       99%         3
 Passage of Golubria      Tloc           0%         N/A       100%        4
 Yara's Violent Unravell  Hex/Alch       0%         3d3       100%        5


Dungeon Overview and Level Annotations

Branches:
Dungeon (1/15)

Altars:


Innate Abilities, Weirdness & Mutations

You have large cloven feet.


Message History

Found a bubbling emerald potion.
e - a bubbling emerald potion You open the door.
A rat comes into view.
The rat squeaks loudly.
Found 7 stones.
There is an open door here.
You barely miss the rat. The rat bites you but does no damage.
You closely miss the rat. The rat bites you but does no damage.
You hit the rat but do no damage. The rat barely misses you.
You barely miss the rat. The rat bites you.
You barely miss the rat. The rat bites you but does no damage.
You hit the rat but do no damage. The rat bites you but does no damage.
You hit the rat.
The rat is severely wounded.
The rat bites you.
You barely miss the rat.
The rat is severely wounded.
The rat bites you but does no damage.
You hit the rat.
You kill the rat!
You see here a rat corpse.
You open the door.
An endoplasm comes into view.
The endoplasm quivers.
There is an open door here.
The endoplasm freezes you.
You are frozen.
You hit the endoplasm.
The endoplasm is heavily wounded.
The endoplasm closely misses you.
You hit the endoplasm but do no damage.
The endoplasm is heavily wounded.
The endoplasm barely misses you.
You hit the endoplasm.
You kill the endoplasm!
You have reached level 2!
Your demonic ancestry asserts itself...
Your feet thicken and deform.
Are you sure you want to abandon this character and quit the game? (Confirm with "yes".)

# ##.# ....## # #. #.
.## # # #..+ # ##+# # #
##...## ## # ##.....##
..## # ##.......##
#...##
####.........####.....##
...+.........'..@.......
..##.........####......#
#.# #.(.....## #......
#.# ##.....#♣ ...... #.#
##..†#♣ ..... #. ###'#♣
....# #.# #....♣♣ #.##
#.## #.#......P ## ...#
#.#.##♣♣♣.


There were no monsters in sight!

Vanquished Creatures
  4 endoplasms (D:1)
  2 goblins (D:1)
  A rat (D:1)
7 creatures vanquished.

Notes
Turn   | Place    | Note
-------+----------+-------------------------------------------
     0 | D:1      | Biggs the Demonspawn Fighter began the quest for the Orb.
     0 | D:1      | Reached XP level 1. HP: 18/18 MP: 1/1
   145 | D:1      | Gained mutation: You have large cloven feet. [demonic
                  | ancestry]
   145 | D:1      | Reached XP level 2. HP: 19/24 MP: 2/2
   145 | D:1      | Quit the game

Illustrated notes

Levels and vault maps discovered:
D:1:      psy_arrival_wood_between_worlds, layout_loops_corners, serial_forest,
          infiniplex_forest_straight_4, infiniplex_forest_side_room,
          infiniplex_forest_clump_large, infiniplex_forest_clump_curved,
          infiniplex_forest_straight_4, infiniplex_forest_clump_curved,
          serial_shops, shop, grunt_decor_arrowhead

Skill      XL: |  1 |
---------------+----+-----
Unarmed Combat | 2 |  2.5
Fighting       | |  3.0
Armour         | |  2.6
Shields        | |  2.6

Action                     || total
---------------------------++-------
  Melee: Unarmed           ||    41
 Armour: Scale mail        ||    17
  Dodge: Dodged            ||    11
  Block: Buckler           ||     4

Table legend: (Time is in decaauts)
 A = Elapsed time spent in this place.
 B = Non-inter-level travel time spent in this place.
 C = Inter-level travel time spent in this place.
 D = Time resting spent in this place.
 E = Time spent auto-exploring this place.
 F = Levels seen in this place.
 G = Mean time per level.
                   A        B        C        D        E       F      G
               +--------+--------+--------+--------+--------+-----+--------+
         Total |    145 |    145 |      0 |      0 |      0 |   1 |  145.0 |
       Dungeon |    145 |    145 |      0 |      0 |      0 |   1 |  145.0 |
               +--------+--------+--------+--------+--------+-----+--------+

Top non-repeatable levels by time:
     D:1: 145 daAuts
